[Event "Titled Tuesday Blitz March 28 Late 2023"]
[White "Skvortsov, Andrei"]
[Black "Przybylski, Wojciech"]
[WhiteFideId "24108600"]
[BlackFideId "1117599"]
[WhiteElo "2259"]
[BlackElo "2222"]
[Result "0-1"]
[Round "10"]
[TimeControl "180+2"]
[Date "2023.03.28"]
[WhiteClock "0:00:05"]
[BlackClock "0:00:12"]

1. d4 d5 2. c4 c6 3. Nf3 Nf6 4. e3 Bf5 5. Nc3 e6 6. Be2 Nbd7 7. O-O h6 8. Re1 Bd6 9. Bf1 O-O 10. h3 Re8 11. Nd2 e5 12. cxd5 cxd5 13. dxe5 Nxe5 14. Nf3 Ng6 15. Nb5 Bb8 16. Nbd4 Bd7 17. Bb5 Bxb5 18. Nxb5 a6 19. Nbd4 Ne4 20. a4 Bd6 21. Qb3 Rb8 22. Bd2 Nc5 23. Qd1 Nd3 24. Rf1 Nxb2 25. Qb3 Nc4 26. Bc3 Qd7 27. Rfb1 Rec8 28. Be1 Ne7 29. Qd3 Rc7 30. Kf1 Rbc8 31. Rb3 b6 32. Rab1 Bc5 33. Ne2 Nf5 34. Qd1 Bxe3 35. fxe3 Nfxe3+ 36. Kg1 Nxd1 37. Rxd1 Qxa4 38. Rbb1 Ne3 39. Rd2 Rc2 40. Rxb6 Rxd2 41. Bxd2 Qd1+ 42. Kf2 Nc4 43. Nc3 Qc2 44. Nxd5 Nxb6 45. Nxb6 Rd8 46. Ke2 Qd3+ 47. Kf2 Qb5 48. Be3 Re8 49. Bd4 Re4 50. Nc8 Qc6 51. Na7 Qd7 52. Bc5 Rc4 53. Bb6 Rc2+ 54. Kg1 Rb2 55. Bd4 Rb7 56. Kf2 Rxa7 57. Bxa7 Qxa7+ 0-1


[Site "https://www.chess.com"]

[Event "Titled Tuesday Blitz March 28 Late 2023"]
[White "Ansh M Shah"]
[Black "Romanchuk, Viktor"]
[WhiteFideId "25033379"]
[BlackFideId "14109271"]
[WhiteElo "2084"]
[BlackElo "2242"]
[Result "0-1"]
[Round "10"]
[TimeControl "180+2"]
[Date "2023.03.28"]
[WhiteClock "0:01:53"]
[BlackClock "0:00:42"]

1. d4 d5 2. c4 c6 3. cxd5 cxd5 4. Nc3 Nf6 5. Bf4 Nc6 6. e3 Bf5 7. Nf3 e6 8. Qb3 Bb4 9. Bb5 O-O 10. Bxc6 Bxc3+ 11. Qxc3 Rc8 12. Ne5 bxc6 13. O-O c5 14. dxc5 Ne4 15. Qa3 Nxc5 16. Qxa7 f6 17. Nf3 e5 18. Bg3 Nd3 19. b3 Rf7 20. Qa5 Qxa5 0-1


[Site "https://www.chess.com"]

[Event "Titled Tuesday Blitz March 28 Late 2023"]
[White "sissahungrychess"]
[Black "Fiorito, Joaquin"]
[BlackFideId "180173"]
[WhiteElo "2388"]
[BlackElo "2157"]
[Result "0-1"]
[Round "10"]
[TimeControl "180+2"]
[Date "2023.03.28"]
[WhiteClock "0:00:01"]
[BlackClock "0:00:18"]

1. c4 Nf6 2. g3 e6 3. Bg2 d5 4. Nf3 dxc4 5. Qa4+ Nbd7 6. O-O a6 7. Qxc4 b5 8. Qc2 Bb7 9. Nc3 Be7 10. d4 O-O 11. Rd1 c5 12. Bg5 Rc8 13. Bxf6 Bxf6 14. d5 exd5 15. Nxd5 Bxd5 16. Rxd5 Qe7 17. Rad1 Nb6 18. Rd6 Qc7 19. e3 Rfd8 20. Rxd8+ Rxd8 21. b3 Rc8 22. h4 g6 23. h5 c4 24. Bh3 Rd8 25. Nd2 Qd6 26. Bg4 Qc7 27. bxc4 bxc4 28. hxg6 hxg6 29. Ne4 Rxd1+ 30. Bxd1 Bg7 31. Be2 c3 32. Bxa6 Nd5 33. a3 Qe5 34. Bc4 Nb6 35. Bb3 Qa5 36. Nd6 Nd5 37. Nxf7 Kxf7 38. e4 Qxa3 39. exd5 Qd6 40. Qe4 Be5 41. Kg2 Kg7 42. f4 Bf6 43. g4 Qb6 44. Qc4 Qe3 45. g5 Qd2+ 0-1


[Site "https://www.chess.com"]

[Event "Titled Tuesday Blitz March 28 Late 2023"]
[White "Sanchez Alvares, Kelvin Antonio"]
[Black "Guzman Moneo, Alberto"]
[WhiteFideId "3906680"]
[BlackFideId "2209616"]
[WhiteElo "2217"]
[BlackElo "2157"]
[Result "1/2-1/2"]
[Round "10"]
[TimeControl "180+2"]
[Date "2023.03.28"]
[WhiteClock "0:00:14"]
[BlackClock "0:00:26"]

1. e4 c5 2. Nf3 Nc6 3. d4 cxd4 4. Nxd4 g6 5. c4 Nf6 6. Nc3 d6 7. f3 Nxd4 8. Qxd4 Bg7 9. Be3 O-O 10. Qd2 a5 11. Rc1 a4 12. Nb5 Bd7 13. Nd4 Qa5 14. Qxa5 Rxa5 15. Be2 Bc6 16. Kf2 Nd7 17. Rhd1 f5 18. exf5 gxf5 19. Ne6 Bxb2 20. Rb1 Be5 21. Nxf8 Kxf8 22. f4 Bf6 23. Bf3 Nc5 24. Bxc6 bxc6 25. Rb8+ Kf7 26. Rc8 Ne4+ 27. Kf3 c5 28. g4 Nc3 29. Rd2 fxg4+ 30. Kxg4 Ra7 31. Rb8 Ke6 32. f5+ Kd7 33. Rdb2 Nd1 34. Re2 Nxe3+ 35. Rxe3 Kc7 36. Rb1 Kc6 37. Rh3 Ra8 38. Rxh7 Rg8+ 39. Kf3 Rg5 40. h4 Rxf5+ 41. Ke2 Rf4 42. h5 Rxc4 43. Kd3 Rc3+ 44. Kd2 Ra3 45. Rh1 Rxa2+ 46. Ke3 a3 47. h6 Rg2 48. Rf7 a2 49. Rxf6 exf6 50. h7 a1=Q 51. Rxa1 Rh2 52. Ra7 d5 53. Kf4 c4 54. Kf5 c3 55. Kg6 d4 56. Ra6+ Kc5 57. Ra5+ Kc4 58. Rh5 c2 59. h8=Q Rxh5 60. Kxh5 d3 61. Qc8+ Kb3 62. Qb7+ Kc3 63. Qc6+ Kd2 64. Qg2+ Kd1 65. Qf1+ Kd2 66. Qf2+ Kd1 67. Qf1+ Kd2 68. Qf2+ Kd1 69. Qf1+ 1/2-1/2


[Site "https://www.chess.com"]

[Event "Titled Tuesday Blitz March 28 Late 2023"]
[White "Castella Garcia, Fausto"]
[Black "a-z30"]
[WhiteFideId "3501922"]
[WhiteElo "2245"]
[BlackElo "2489"]
[Result "1-0"]
[Round "10"]
[TimeControl "180+2"]
[Date "2023.03.28"]
[WhiteClock "0:00:28"]
[BlackClock "0:00:06"]

1. e4 d6 2. d4 Nf6 3. Nc3 g6 4. f4 Bg7 5. Nf3 c5 6. Bb5+ Bd7 7. e5 Ng4 8. Bxd7+ Qxd7 9. d5 dxe5 10. h3 e4 11. hxg4 exf3 12. Qxf3 Na6 13. Bd2 O-O-O 14. O-O-O Kb8 15. Kb1 Nc7 16. Be1 Nb5 17. Nxb5 Qxb5 18. Bc3 Bxc3 19. Qxc3 Qe2 20. Qe5+ Qxe5 21. fxe5 h5 22. gxh5 Rxh5 23. Rxh5 gxh5 24. c4 Rg8 25. Rd2 Kc7 26. Kc2 Rg3 27. Kd1 a6 28. Ke1 b5 29. Kf2 Rg5 30. Re2 bxc4 31. Kf3 Rg4 32. Re4 Rxe4 33. Kxe4 e6 34. g3 Kd7 35. a3 a5 36. a4 Ke7 37. d6+ Kd7 38. Kf4 f6 39. exf6 Kxd6 40. Kg5 e5 41. Kg6 e4 42. f7 Ke5 43. f8=Q e3 44. Qf4+ Kd5 45. Qxe3 1-0


[Site "https://www.chess.com"]

[Event "Titled Tuesday Blitz March 28 Late 2023"]
[White "Li, Hui"]
[Black "Quinones Garcia, Santiago"]
[WhiteFideId "15400310"]
[BlackFideId "4408497"]
[WhiteElo "1967"]
[BlackElo "2263"]
[Result "1-0"]
[Round "10"]
[TimeControl "180+2"]
[Date "2023.03.28"]
[WhiteClock "0:00:07"]
[BlackClock "0:00:12"]

1. e4 e5 2. Nf3 Nc6 3. Bb5 a6 4. Ba4 Nf6 5. O-O b5 6. Bb3 Be7 7. Re1 O-O 8. c3 d5 9. exd5 Nxd5 10. Nxe5 Nxe5 11. Rxe5 c6 12. d3 Bd6 13. Re1 Qh4 14. g3 Qh3 15. Re4 g5 16. Bxg5 Be6 17. Nd2 Qf5 18. Bh6 Rfe8 19. Bc2 Qg6 20. Be3 Bf5 21. Rxe8+ Rxe8 22. Ne4 Bc7 23. Qf1 h5 24. Re1 h4 25. Qg2 h3 26. Qf1 Bg4 27. Bd4 f5 28. Nd2 Rxe1 29. Qxe1 f4 30. Qe4 Bf5 31. Qe1 Kf7 32. Ne4 Qg4 33. Bd1 Qg6 34. Qe2 Kg8 35. Qh5 Bxe4 36. dxe4 Qxe4 37. Qg4+ Kf7 38. Qh5+ Ke7 39. Qh4+ Kd7 40. Qxh3+ Kd6 41. Qf1 f3 42. Be3 Nxe3 43. fxe3 Qxe3+ 44. Qf2 Qc1 45. Qxf3 Bb6+ 46. Kg2 Qxb2+ 47. Be2 Qc1 48. h4 a5 49. h5 b4 50. cxb4 axb4 51. Kh3 Qb2 52. Qf4+ Kc5 53. Qf3 Qxa2 54. h6 Qa7 55. Qf5+ Kd4 56. h7 Qg7 57. Bh5 Kc3 58. Bg6 Bd4 59. Qd3+ Kb2 60. Qc2+ Ka3 61. Qd3+ b3 62. g4 c5 63. Bf5 Ka2 64. Be6 Qg6 65. Qxg6 Ka1 66. Bxb3 Kb2 67. Qd3 Ka3 68. Bc4+ Kb4 69. Bd5 Ka5 70. Qc4 Kb6 71. Kg2 Kc7 72. Kf3 Kd6 73. Ke4 Ke7 74. Qxd4 cxd4 75. h8=Q d3 76. Kxd3 Kd6 77. Qd4 1-0


[Site "https://www.chess.com"]

[Event "Titled Tuesday Blitz March 28 Late 2023"]
[White "Onslow, Alfie"]
[Black "Mazurkiewicz, Michal"]
[WhiteFideId "436976"]
[BlackFideId "1124943"]
[WhiteElo "2114"]
[BlackElo "2054"]
[Result "0-1"]
[Round "10"]
[TimeControl "180+2"]
[Date "2023.03.28"]
[WhiteClock "0:00:01"]
[BlackClock "0:00:46"]

1. e4 d6 2. d4 Nf6 3. Nc3 c6 4. Nf3 Bg4 5. Be2 e6 6. O-O d5 7. e5 Nfd7 8. a4 c5 9. Re1 Nc6 10. dxc5 Bxf3 11. Bxf3 Ndxe5 12. Bf4 Nxf3+ 13. Qxf3 Be7 14. Nb5 O-O 15. Nd6 b6 16. c4 bxc5 17. cxd5 Nd4 18. Qg3 Bxd6 19. Bxd6 Nf5 20. Bc7 Nxg3 21. Bxd8 Rfxd8 22. hxg3 Rxd5 23. Rac1 h5 24. Re4 Rb8 25. Rec4 Rxb2 26. Rxc5 Rdd2 27. Rxh5 g6 28. Rh2 Rxf2 29. Rc7 Rfd2 30. Rc1 Ra2 31. Rh4 Rxg2+ 32. Kf1 Rxg3 33. Rhc4 Rf3+ 34. Kg1 Kg7 35. Rb4 Rfa3 36. Rcc4 Rd3 37. Rb7 Rd1# 0-1


[Site "https://www.chess.com"]

[Event "Titled Tuesday Blitz March 28 Late 2023"]
[White "micke12a"]
[Black "Gatterer, Florian"]
[BlackFideId "811688"]
[WhiteElo "2331"]
[BlackElo "2221"]
[Result "1/2-1/2"]
[Round "10"]
[TimeControl "180+2"]
[Date "2023.03.28"]
[WhiteClock "0:00:30"]
[BlackClock "0:00:08"]

1. e4 c5 2. Nc3 e6 3. Nge2 Nc6 4. g3 d5 5. exd5 exd5 6. d4 cxd4 7. Nxd4 Nf6 8. Bg2 Bc5 9. Be3 Nxd4 10. Bxd4 Qe7+ 11. Qe2 Bxd4 12. Qxe7+ Kxe7 13. Ne2 Bxb2 14. Rb1 Be5 15. O-O Re8 16. Rfe1 Kf8 17. f4 Bd6 18. Nc3 Bc5+ 19. Kf1 Rxe1+ 20. Kxe1 Rb8 21. h3 Be6 22. g4 g6 23. Kd2 Bb6 24. Kd3 Rc8 25. Ne2 Ne4 26. a4 Nc5+ 27. Kd2 Nxa4 28. Ra1 Nc5 29. Rf1 Ne4+ 30. Kd3 Nc5+ 31. Kd2 Ne4+ 32. Kd3 Bd7 33. Rb1 Ba4 34. c3 Rc6 35. Rb4 Bd1 36. Bxe4 Bxe2+ 37. Kxe2 dxe4 38. Rxe4 Rxc3 39. h4 Rc2+ 40. Kd3 Rh2 41. h5 gxh5 42. g5 h4 43. f5 Kg7 44. Re7 h6 45. g6 Rf2 46. Rxf7+ Kg8 47. f6 h3 48. Rg7+ Kf8 49. Rf7+ Kg8 50. Rg7+ Kf8 51. Rf7+ Kg8 1/2-1/2


[Site "https://www.chess.com"]

[Event "Titled Tuesday Blitz March 28 Late 2023"]
[White "Vivas Zamora, Fabian Ernesto"]
[Black "Zampronha, Wladimir Camilo"]
[WhiteFideId "3902480"]
[BlackFideId "2103087"]
[WhiteElo "2262"]
[BlackElo "2176"]
[Result "1-0"]
[Round "10"]
[TimeControl "180+2"]
[Date "2023.03.28"]
[WhiteClock "0:02:05"]
[BlackClock "0:01:55"]

1. e4 c5 2. Nc3 e6 3. Nf3 Nc6 4. d4 cxd4 5. Nxd4 Qc7 6. Be3 a6 7. Qf3 Bd6 8. O-O-O Nxd4 9. Bxd4 Be5 10. g3 Bxd4 11. Rxd4 Nf6 12. Bg2 O-O 13. Rhd1 Rd8 14. h4 d6 15. e5 Ne8 16. exd6 Rxd6 17. Rxd6 Nxd6 18. Qf4 1-0


[Site "https://www.chess.com"]

[Event "Titled Tuesday Blitz March 28 Late 2023"]
[White "Hoffmann, Asa"]
[Black "Estremera Panos, Sergio"]
[WhiteFideId "2001470"]
[BlackFideId "2200864"]
[WhiteElo "2117"]
[BlackElo "2253"]
[Result "0-1"]
[Round "10"]
[TimeControl "180+2"]
[Date "2023.03.28"]
[WhiteClock "0:00:14"]
[BlackClock "0:00:26"]

1. d4 d5 2. Bg5 Nd7 3. c4 dxc4 4. Nc3 Ngf6 5. e4 h6 6. Bh4 g5 7. Bg3 Bg7 8. e5 Nh7 9. e6 fxe6 10. Qh5+ Kf8 11. O-O-O Ndf6 12. Qf3 Bd7 13. Bxc4 Bc6 14. Qe2 Nd5 15. Qxe6 Nhf6 16. Nf3 Bd7 17. Qe1 c6 18. Ne5 Bf5 19. h4 g4 20. Bd3 Bxd3 21. Rxd3 b5 22. Ne4 b4 23. Ng6+ Kf7 24. Nxh8+ Bxh8 25. Nxf6 Bxf6 26. Be5 Qa5 27. Kb1 Qb5 28. Rb3 a5 29. Qf1 Qb6 30. Qc4 a4 31. Rd3 a3 32. b3 Kg7 33. Re1 Rf8 34. h5 Bxe5 35. Rxe5 Rxf2 36. Rxd5 cxd5 37. Qxd5 Rb2+ 38. Kc1 Qc7+ 39. Qc4 Qf4+ 40. Kd1 Qf1# 0-1


[Site "https://www.chess.com"]

[Event "Titled Tuesday Blitz March 28 Late 2023"]
[White "sebastianmarinp"]
[Black "reevecanada"]
[WhiteElo "2309"]
[BlackElo "2428"]
[Result "0-1"]
[Round "10"]
[TimeControl "180+2"]
[Date "2023.03.28"]
[WhiteClock "0:00:03"]
[BlackClock "0:01:23"]

1. e4 c5 2. Nf3 d6 3. d4 cxd4 4. Nxd4 Nf6 5. Nc3 a5 6. Bg5 e6 7. Qd2 Be7 8. Bb5+ Bd7 9. O-O-O h6 10. Bxf6 Bxf6 11. Bxd7+ Nxd7 12. Ndb5 O-O 13. Qxd6 Ne5 14. f4 Ng4 15. e5 Be7 16. Qxd8 Rfxd8 17. Ne4 Ne3 18. Rxd8+ Rxd8 19. g3 f6 20. exf6 gxf6 21. Re1 Nf5 22. Nec3 Kf7 23. Rd1 Rxd1+ 24. Nxd1 Bc5 25. g4 Ne3 26. h3 Ng2 27. f5 exf5 28. gxf5 Nh4 29. Kd2 Nxf5 30. Kd3 Ke6 31. Kc4 Bb6 32. Nbc3 Nd6+ 33. Kd3 f5 34. Ne3 Bxe3 35. Kxe3 Nc4+ 36. Kd4 Nxb2 37. Nb5 Na4 38. c4 b6 39. Na3 Nc5 40. Nc2 Kd6 41. Ne3 Ne6+ 42. Kc3 f4 43. Nd5 Kc5 44. Kd3 b5 45. Nf6 bxc4+ 46. Ke4 Kb4 47. Nd5+ Ka3 48. Nb6 c3 49. Kd3 f3 50. Nc4+ Kxa2 51. Kxc3 a4 52. Nd2 f2 53. Kd3 Nf4+ 54. Ke4 Nxh3 55. Kf3 Kb2 56. Kg2 Kc2 57. Nc4 Kd1 58. Ne3+ Ke2 59. Nf1 Nf4+ 0-1


[Site "https://www.chess.com"]

[Event "Titled Tuesday Blitz March 28 Late 2023"]
[White "Kozin, Yuri"]
[Black "Dubreuil, Julien"]
[WhiteFideId "4129920"]
[BlackFideId "621285"]
[WhiteElo "2426"]
[BlackElo "2297"]
[Result "0-1"]
[Round "10"]
[TimeControl "180+2"]
[Date "2023.03.28"]
[WhiteClock "0:00:03"]
[BlackClock "0:00:57"]

1. e4 e5 2. Nf3 Nc6 3. Bb5 Nf6 4. d3 Bc5 5. Be3 Bb6 6. O-O O-O 7. Bxb6 axb6 8. Bxc6 bxc6 9. Nxe5 c5 10. Nc3 Bb7 11. Ng4 Nxg4 12. Qxg4 f5 13. exf5 Qf6 14. Rfe1 Qxf5 15. Qxf5 Rxf5 16. Re7 Rf7 17. Rae1 Kf8 18. Rxf7+ Kxf7 19. a3 d5 20. Nb5 Rc8 21. d4 Bc6 22. Na7 Re8 23. Kf1 Ba4 24. b3 Ra8 25. bxa4 Rxa7 26. dxc5 bxc5 27. Rb1 Ke6 28. Rb5 Kd6 29. a5 c6 30. Rb8 Rxa5 31. Ke2 c4 32. Rg8 Ra7 33. Rh8 h6 34. Rg8 Kc5 35. f4 Re7+ 36. Kf3 Kd4 37. g4 Re3+ 38. Kf2 Rc3 39. Rxg7 Rxc2+ 40. Kf3 c3 41. Rc7 c5 42. f5 Rxh2 43. f6 Rh1 44. Kg2 c2 0-1


[Site "https://www.chess.com"]

[Event "Titled Tuesday Blitz March 28 Late 2023"]
[White "Melikhov, Evgeny V."]
[Black "Garrido, Denis"]
[WhiteFideId "4122046"]
[BlackFideId "601217"]
[WhiteElo "2158"]
[BlackElo "2307"]
[Result "0-1"]
[Round "10"]
[TimeControl "180+2"]
[Date "2023.03.28"]
[WhiteClock "0:00:01"]
[BlackClock "0:00:13"]

1. d4 d5 2. c4 e6 3. Nc3 a6 4. cxd5 exd5 5. Nf3 Nf6 6. Bg5 Be6 7. e3 Nbd7 8. Bd3 c6 9. Qc2 Bd6 10. O-O Qc7 11. h3 h6 12. Bxf6 Nxf6 13. Rab1 g5 14. e4 dxe4 15. Nxe4 Nxe4 16. Bxe4 O-O-O 17. b4 Rhg8 18. Bh7 Rg7 19. Bf5 Kb8 20. Bxe6 fxe6 21. Qe4 g4 22. hxg4 Rdg8 23. Ne5 Ka8 24. g3 Rg5 25. Rfe1 Bxe5 26. dxe5 Rxg4 27. Qd3 h5 28. Re4 h4 29. Rxg4 Rxg4 30. Rd1 Qxe5 31. Qf3 Rg8 32. Kg2 hxg3 33. fxg3 Qb2+ 34. Qf2 Qxb4 35. Rd7 Qe4+ 36. Qf3 Qc2+ 37. Qf2 Qg6 38. Qf3 e5 39. a4 e4 40. Qb3 Rb8 41. a5 Qf5 42. Rf7 Qd5 43. Qxd5 cxd5 44. Rd7 b5 45. axb6 Rxb6 46. Rxd5 Kb7 47. Kf2 Re6 48. Ke3 Kb6 49. g4 a5 50. g5 a4 51. g6 Rxg6 52. Kxe4 Rc6 53. Kd3 Ka6 54. Rd8 Kb5 55. Ra8 Kb4 56. Kd2 Kb3 57. Rb8+ Ka2 58. Rb7 a3 59. Rb8 Ka1 60. Rb7 a2 61. Rb8 Rc7 62. Rb6 Rc5 63. Rb8 Rh5 64. Rb7 Rh2+ 65. Kd1 Rh1+ 66. Kc2 Rb1 67. Ra7 Rb2+ 68. Kc1 Rb3 69. Kc2 Rb8 70. Ra6 Rc8+ 0-1


[Site "https://www.chess.com"]

[Event "Titled Tuesday Blitz March 28 Late 2023"]
[White "Wu, Sibo"]
[Black "Dmitrenko, Viktor"]
[WhiteFideId "8606048"]
[BlackFideId "14110270"]
[WhiteElo "2297"]
[BlackElo "2292"]
[Result "1/2-1/2"]
[Round "10"]
[TimeControl "180+2"]
[Date "2023.03.28"]
[WhiteClock "0:00:08"]
[BlackClock "0:00:04"]

1. d4 e6 2. Nf3 c5 3. c3 d5 4. Bf4 Bd6 5. Bg3 Nf6 6. e3 b6 7. Nbd2 O-O 8. Bd3 Qc7 9. Ne5 Ba6 10. Bxa6 Nxa6 11. O-O Nb8 12. a4 a5 13. Qe2 Nfd7 14. f4 f6 15. Nd3 Nc6 16. Qg4 Rae8 17. Rae1 c4 18. Nf2 f5 19. Qd1 Nf6 20. Bh4 Rb8 21. Bxf6 Rxf6 22. Nf3 b5 23. axb5 Rxb5 24. Qc2 Qb6 25. Re2 Rf8 26. g4 Ne7 27. Ng5 Bc7 28. h4 Rb3 29. h5 Rb8 30. Nd1 h6 31. Nf3 fxg4 32. Nh4 Rf8 33. Rg2 Nf5 34. Rxg4 Bd8 35. Ng6 Re8 36. Rf2 a4 37. Rfg2 Bf6 38. Ne5 Bxe5 39. fxe5 Re7 40. Rg6 Rf7 41. e4 dxe4 42. Qxe4 Qb7 43. Qxb7 Rfxb7 44. Rxe6 a3 45. bxa3 Rb1 46. Rd2 Ne3 47. Rc6 Nxd1 48. Kh2 Ne3 49. d5 R7b2 50. Rxb2 Rxb2+ 51. Kg3 Nxd5 52. Rxc4 Rb3 53. Kg4 Kf7 54. Rc5 Ke6 55. c4 Ne7 56. a4 Ra3 57. a5 Ra4 58. Kf4 Ra2 59. Kg4 Ra1 60. Kf4 Re1 61. Rb5 Rf1+ 62. Kg4 Ra1 63. Kf4 Nc6 64. Rb6 Kd7 65. e6+ Kc7 66. Ra6 Re1 67. e7 Rxe7 68. Kf5 Re5+ 69. Kg6 Rg5+ 70. Kf7 Ne5+ 71. Kf8 Nxc4 72. Ra7+ Kd6 73. Rxg7 Rxh5 74. Rg6+ Kc7 75. a6 Kb8 76. Kg7 Rg5 77. Kxh6 Rxg6+ 78. Kxg6 Ka7 79. Kf7 Kxa6 1/2-1/2


[Site "https://www.chess.com"]

[Event "Titled Tuesday Blitz March 28 Late 2023"]
[White "marik_spb"]
[Black "Muhammad, Shahzeb"]
[BlackFideId "7804806"]
[WhiteElo "2416"]
[BlackElo "2290"]
[Result "1-0"]
[Round "10"]
[TimeControl "180+2"]
[Date "2023.03.28"]
[WhiteClock "0:01:18"]
[BlackClock "0:00:01"]

1. d4 Nf6 2. c4 e6 3. Nf3 Bb4+ 4. Bd2 Qe7 5. g3 Nc6 6. Bg2 Bxd2+ 7. Nbxd2 d6 8. O-O O-O 9. Rb1 a5 10. e4 e5 11. d5 Nb8 12. a3 a4 13. Qc2 Bg4 14. Rbe1 Nfd7 15. h3 Bh5 16. Nh4 Nc5 17. f4 exf4 18. Nf5 Qd8 19. gxf4 Bg6 20. Nd4 Nbd7 21. Qc3 f5 22. e5 Nb3 23. N2xb3 axb3 24. Ne6 Qh4 25. Nxf8 Rxf8 26. Qxb3 dxe5 27. fxe5 b6 28. e6 Nc5 29. Qc3 f4 30. e7 Re8 31. b4 Nd3 32. Re6 Rxe7 33. Rxg6 hxg6 34. Qxd3 Re3 35. Qxg6 f3 36. Rxf3 1-0


[Site "https://www.chess.com"]

[Event "Titled Tuesday Blitz March 28 Late 2023"]
[White "OKEKE, Isaac Chukwudalu"]
[Black "Rios Escobar, Adan"]
[WhiteFideId "8508526"]
[BlackFideId "3403645"]
[WhiteElo "2161"]
[BlackElo "2415"]
[Result "0-1"]
[Round "10"]
[TimeControl "180+2"]
[Date "2023.03.28"]
[WhiteClock "0:00:01"]
[BlackClock "0:00:11"]

1. e4 c5 2. Nf3 d6 3. d4 cxd4 4. Nxd4 Nf6 5. Nc3 a6 6. Be2 e5 7. Nb3 Be6 8. g4 d5 9. exd5 Nxd5 10. Nxd5 Qxd5 11. Bf3 Qxd1+ 12. Kxd1 Nc6 13. c3 O-O-O+ 14. Kc2 h5 15. h3 hxg4 16. hxg4 Rxh1 17. Bxh1 Bxg4 18. Be3 Bf5+ 19. Kc1 f6 20. Nd2 Kc7 21. Nc4 Rd7 22. a4 Bd3 23. Nb6 Rd8 24. Nd5+ Kb8 25. b4 e4 26. Nf4 Ne5 27. Ne6 Re8 28. Nxf8 Rxf8 29. Bf4 Re8 30. Kd2 Kc8 31. Re1 Nc4+ 32. Kc1 g5 33. Bd2 Nxd2 34. Kxd2 f5 35. f3 Rd8 36. fxe4 Bxe4+ 37. Kc1 Bxh1 38. Rxh1 Rd5 39. Rh5 f4 40. c4 Rd4 41. Rxg5 Rxc4+ 42. Kb2 Rxb4+ 43. Ka3 Re4 44. Rg7 a5 45. Rf7 Re3+ 46. Kb2 f3 47. Kc2 Kb8 48. Kd2 Ra3 49. Rf4 Ka7 50. Kc2 Ka6 51. Rf6+ b6 52. Rf4 Kb7 53. Kb2 Re3 54. Kc2 Kc6 55. Kd2 Ra3 56. Rf6+ Kc5 57. Rf4 Kd5 58. Rf8 Ke4 59. Re8+ Kf4 60. Rf8+ Kg3 61. Kc2 Kf2 62. Kb2 Re3 63. Rf7 Re4 64. Kb3 Rb4+ 65. Ka3 Ke3 66. Re7+ Re4 67. Rf7 f2 68. Rf8 Rf4 69. Re8+ Kf3 70. Re1 fxe1=Q 71. Kb2 Qb4+ 0-1


[Site "https://www.chess.com"]

[Event "Titled Tuesday Blitz March 28 Late 2023"]
[White "Svicevic, Rastko"]
[Black "Martin Barcelo, Carles"]
[WhiteFideId "916315"]
[BlackFideId "24561444"]
[WhiteElo "2071"]
[BlackElo "2089"]
[Result "0-1"]
[Round "10"]
[TimeControl "180+2"]
[Date "2023.03.28"]
[WhiteClock "0:00:12"]
[BlackClock "0:00:17"]

1. d4 d5 2. Bg5 f6 3. Bh4 Nh6 4. e3 Nf5 5. Bg3 Nxg3 6. hxg3 Bf5 7. Bd3 Qd7 8. Ne2 Nc6 9. c3 e5 10. Bxf5 Qxf5 11. dxe5 Nxe5 12. O-O Ng4 13. Nf4 O-O-O 14. Nd2 Bd6 15. Nh3 g5 16. c4 h5 17. cxd5 Qxd5 18. Nf3 Qxd1 19. Rfxd1 Bc5 20. Nd4 Bxd4 21. exd4 Rd5 22. Rd3 Rhd8 23. Rad1 c5 24. f3 Ne5 25. Rc3 Nc6 26. Rdc1 cxd4 27. Rd3 Kb8 28. Nf2 Nb4 29. Rb3 a5 30. a3 Na6 31. Rb6 R8d6 32. Rxd6 Rxd6 33. Nd3 b6 34. Kf2 Re6 35. Rh1 Re3 36. Ne1 Rb3 37. Ke2 Nc5 38. Rxh5 Rxb2+ 39. Kd1 d3 40. Rh6 d2 41. Nc2 Nb3 42. Rh8+ Kc7 43. Rh7+ Kd6 44. Rh8 Rb1+ 0-1


[Site "https://www.chess.com"]

[Event "Titled Tuesday Blitz March 28 Late 2023"]
[White "Santos Flores, Alberto"]
[Black "Kornyukov, Alexey"]
[WhiteFideId "3601234"]
[BlackFideId "4150457"]
[WhiteElo "2235"]
[BlackElo "2352"]
[Result "0-1"]
[Round "10"]
[TimeControl "180+2"]
[Date "2023.03.28"]
[WhiteClock "0:01:50"]
[BlackClock "0:00:07"]

1. e4 c5 2. Nf3 Nc6 3. d4 cxd4 4. Nxd4 Nf6 5. Nc3 e5 6. Ndb5 d6 7. Bg5 a6 8. Na3 b5 9. Bxf6 gxf6 10. Nd5 f5 11. c3 Bg7 12. exf5 Bxf5 13. Nc2 O-O 14. Nce3 Be6 15. Bd3 f5 16. O-O e4 17. Nf4 Bf7 18. Bc2 Qg5 19. Ned5 Kh8 20. a4 Be5 21. g3 Ne7 22. axb5 Nxd5 23. Nxd5 axb5 24. Qe2 Bxd5 25. Qxb5 Rxa1 26. Rxa1 Be6 27. Bb3 Bxb3 28. Qxb3 f4 29. Qd5 fxg3 30. hxg3 e3 31. fxe3 Qxg3+ 32. Qg2 Qxe3+ 33. Kh1 Qh6+ 34. Kg1 Rg8 35. Ra8 Qc1+ 36. Kf2 Qd2+ 37. Kf1 Qxg2+ 0-1


[Site "https://www.chess.com"]

[Event "Titled Tuesday Blitz March 28 Late 2023"]
[White "Golubev, Mikhail"]
[Black "Zavortink, Matt"]
[WhiteFideId "14100983"]
[BlackFideId "2034263"]
[WhiteElo "2374"]
[BlackElo "2369"]
[Result "1-0"]
[Round "10"]
[TimeControl "180+2"]
[Date "2023.03.28"]
[WhiteClock "0:00:03"]
[BlackClock "0:00:03"]

1. e4 e6 2. d4 d5 3. Nc3 Nf6 4. Bg5 dxe4 5. Nxe4 Be7 6. Nxf6+ Bxf6 7. Bxf6 Qxf6 8. Qd2 c5 9. Nf3 O-O 10. O-O-O Rd8 11. Qc3 cxd4 12. Rxd4 Bd7 13. Qd2 Qe7 14. Bd3 Nc6 15. Rh4 h6 16. Re1 Be8 17. Rg4 Qf6 18. Rf4 Qe7 19. a3 Rac8 20. Qe3 a6 21. Qe4 g6 22. Rh4 Kg7 23. Qe3 g5 24. Rg4 f6 25. h4 Bg6 26. hxg5 hxg5 27. Nxg5 Ne5 28. Bxg6 Nxg6 29. Nxe6+ Kf7 30. Rxg6 Kxg6 31. Qg3+ Kf7 32. Qg7+ Ke8 33. Qg6+ Kd7 34. Rd1+ Kxe6 35. Re1+ Kd7 36. Qd3+ Ke8 37. Rxe7+ Kxe7 38. Qe4+ Kf7 39. Qxb7+ Kg6 40. c3 Ra8 41. Qe4+ f5 42. Qe6+ Kg5 43. Qe7+ Kg6 44. f4 Re8 45. Qg5+ Kf7 46. Qxf5+ Kg7 47. Qg5+ Kf7 48. g4 Rad8 49. Qf5+ Kg7 50. g5 Rf8 51. Qe5+ Kg6 52. Qe6+ Kh5 53. Qh6+ Kg4 54. g6 1-0


[Site "https://www.chess.com"]

[Event "Titled Tuesday Blitz March 28 Late 2023"]
[White "Smith, Garrett L"]
[Black "Khandelwal, Ankush"]
[WhiteFideId "2024829"]
[BlackFideId "413470"]
[WhiteElo "2329"]
[BlackElo "2263"]
[Result "1-0"]
[Round "10"]
[TimeControl "180+2"]
[Date "2023.03.28"]
[WhiteClock "0:00:09"]
[BlackClock "0:00:02"]

1. e4 c5 2. a3 g6 3. b4 Bg7 4. Nc3 d6 5. Nf3 Nc6 6. bxc5 dxc5 7. Rb1 Nf6 8. Bc4 O-O 9. O-O Nd4 10. Nxd4 cxd4 11. Nd5 Nxe4 12. Re1 Nd6 13. Nxe7+ Kh8 14. Ba2 Be6 15. Nd5 a5 16. Qf3 Rc8 17. Bb3 b5 18. Nf4 Bxb3 19. cxb3 Nf5 20. Bb2 Nh4 21. Qg3 Rc2 22. Qd3 Rc5 23. Rbc1 Rf5 24. g3 Qa8 25. Re4 Rxf4 26. gxf4 f5 27. Qg3 fxe4 28. Qxh4 Qb8 29. Rc5 Rxf4 30. Qg3 h5 31. h3 b4 32. Qxg6 bxa3 33. Rxh5+ Kg8 34. Qe6+ Rf7 35. Rf5 Qf8 36. Bxa3 Qxa3 37. Qxf7+ Kh7 38. Rh5# 1-0


[Site "https://www.chess.com"]

[Event "Titled Tuesday Blitz March 28 Late 2023"]
[White "Nery Junior, Jose Antonio"]
[Black "Gonzalez, Francisco Silva"]
[WhiteFideId "2104822"]
[BlackFideId "1512285"]
[WhiteElo "2197"]
[BlackElo "2074"]
[Result "1-0"]
[Round "10"]
[TimeControl "180+2"]
[Date "2023.03.28"]
[WhiteClock "0:00:14"]
[BlackClock "0:00:15"]

1. e4 e5 2. Nf3 Nc6 3. Bc4 Bc5 4. b4 Bb6 5. c3 d6 6. d3 Nf6 7. Nbd2 a6 8. Bb3 Ba7 9. h3 Ne7 10. Nf1 Ng6 11. Ng3 h6 12. O-O O-O 13. Nh2 Re8 14. Qf3 c6 15. Nf5 d5 16. Bxh6 gxh6 17. Nxh6+ Kg7 18. Nf5+ Bxf5 19. exf5 Nf4 20. d4 Qd6 21. dxe5 Qxe5 22. Rae1 Qxf5 23. Bc2 Qg5 24. Kh1 Re4 25. Bxe4 Nxe4 26. Ng4 f5 27. Ne3 Rf8 28. Rg1 Ng6 29. g3 Ne5 30. Qf4 Nf3 31. Qxf3 Kg6 32. Rg2 Rh8 33. g4 f4 34. Nf5 Bxf2 35. Rxe4 dxe4 36. Qxf2 Rxh3+ 37. Kg1 f3 38. Rg3 Qc1+ 39. Qf1 Rh1+ 40. Kxh1 Qxf1+ 41. Kh2 f2 42. Ne3 Qe1 43. Kg2 Qe2 44. Nf1 Kg5 45. Re3 Qxg4+ 46. Rg3 Kf4 47. Rxg4+ Kxg4 48. Kxf2 Kf4 49. Ke2 b6 50. Ne3 Ke5 51. Nc4+ Kd5 52. Nxb6+ Ke5 53. Ke3 c5 54. Nc4+ Kd5 55. Nd2 cxb4 56. cxb4 Kc6 57. a4 a5 58. b5+ Kc5 59. Nxe4+ Kb4 60. Kd4 Kxa4 61. b6 Ka3 62. b7 Ka2 63. b8=Q a4 64. Kc3 a3 65. Kc2 1-0


[Site "https://www.chess.com"]